 Dungeon Crawl Stone Soup version 0.25.1-2-g60ff931df9 (webtiles) character file.

Game seed: 4800495143856739946

126 Froggeryz the Chopper (level 5, -8/42 HPs)
             Began as a Formicid Chaos Knight on Sept 7, 2020.
             Was a Plaything of Xom.
             Killed from afar by an orc wizard (10 damage)
             ... with a magic dart
             ... on level 2 of the Dungeon.
             The game lasted 00:02:18 (1431 turns).

Froggeryz the Chopper (Formicid Chaos Knight)       Turns: 1431, Time: 00:02:19

Health: -8/42      AC:  3    Str: 17    XL:     5   Next: 32%
Magic:  0/5        EV:  9    Int: 10    God:    Xom [......]
Gold:   40         SH:  0    Dex: 10    Spells: 4/4 levels left

rFire    . . .     SeeInvis +   f - +0 war axe
rCold    . . .     Gourm    .   (no shield)
rNeg     . . .     Faith    .   j - +0 scale mail
rPois    .         Spirit   +   (helmet unavailable)
rElec    .         Reflect  .   (no cloak)
rCorr    +         Harm     .   (no gloves)
MR       .....                  (no boots)
Stlth    ..........             h - amulet of guardian spirit
HPRegen  0.14/turn              g - ring of resist corrosion
MPRegen  0.09/turn              (no ring)

@: no status effects
A: permanent stasis, dig shafts and tunnels, four strong arms, antennae 3,
hooves 1, deformed body, deterioration 1, dopey 1
a: Dig, Shaft Self, Renounce Religion


You were on level 2 of the Dungeon.
You worshipped Xom.
You were a very special plaything of Xom.
You were not hungry.

You visited 1 branch of the dungeon, and saw 2 of its levels.

You collected 40 gold pieces.

Inventory:

Hand Weapons
 a - a +0 hand axe of chaos
 f - a +0 war axe (weapon)
 k - a +1 whip of electrocution
Armour
 j - a +0 scale mail (worn)
Jewellery
 g - a ring of resist corrosion (left hand)
 h - an amulet of guardian spirit (around neck)
Potions
 b - a potion of stabbing {unknown}
 d - a potion of might {unknown}
 e - a potion of haste {unknown}
 i - a potion of degeneration {unknown}
Comestibles
 c - 4 rations


   Skills:
 - Level 4.0 Fighting
 * Level 4.9 Axes
 + Level 2.7 Armour
 - Level 0.8 Dodging


You had 4 spell levels left.
You didn't know any spells.
Your spell library was empty.

Dungeon Overview and Level Annotations

Branches:
Dungeon (2/15)

Altars:


Innate Abilities, Weirdness & Mutations

You cannot be hasted, slowed, berserked, paralysed or teleported.
You can dig through walls and to a lower floor.
Your four strong arms can wield two-handed weapons with a shield.
You have a pair of large antennae on your head. (SInv)
You have large cloven feet.
Armour fits poorly on your strangely shaped body.
Your body sometimes deteriorates upon taking damage.
You are dopey. (Int -2)


Message History

You slash the orc wizard!
You kick the orc wizard, but do no damage.
The orc wizard is almost dead.
The orc wizard hits you with a +0 dagger.
* * * LOW HITPOINT WARNING * * *
You completely miss the orc wizard. You kick the orc wizard.
The orc wizard is almost dead.
The orc wizard gestures at you while chanting.
The magic dart hits you.
* * * LOW HITPOINT WARNING * * *
You completely miss the orc wizard.
The orc wizard is almost dead.
The orc wizard casts a spell at you. The magic dart hits you!
* * * LOW HITPOINT WARNING * * *
You barely miss the orc wizard. Your kick misses the orc wizard.
The orc wizard is almost dead.
The orc wizard casts a spell at you. The magic dart hits you!
You die...

# # ..# # ... #
#.. ###.## ##.#
....... ..#
.....## #.#
######
#####.#########
#
#......@oooS...
#
#.###.########.
. #.# #..# #
#.# ##.# # #.#
.# # #.# .# #
#.# .. { # #.#
## # #.#


You could see an orc wizard (invisible), 2 orcs and a ball python.

Vanquished Creatures
  Natasha (twice) (D:2)
  An orc wizard (D:2)
  An ooze (D:2)
  A worm (D:2)
  A dart slug (D:1)
  A leopard gecko (D:1)
  An orc (D:2)
  2 giant cockroaches (D:1)
  7 goblins
  5 hobgoblins
  3 kobolds
  2 quokkas (D:2)
  8 bats
  5 rats
40 creatures vanquished.

Notes
Turn   | Place    | Note
-------+----------+-------------------------------------------
     0 | D:1      | Froggeryz the Formicid Chaos Knight began the quest for the
                  | Orb.
     0 | D:1      | Reached XP level 1. HP: 18/18 MP: 1/1
   215 | D:1      | Reached XP level 2. HP: 14/24 MP: 2/2
   282 | D:1      | XOM: silly message
   512 | D:1      | Reached XP level 3. HP: 28/29 MP: 3/3
   672 | D:1      | XOM: swap monsters
  1086 | D:2      | Noticed Natasha
  1088 | D:2      | XOM: give mutations
  1088 | D:2      | Gained mutation: Your body sometimes deteriorates upon
                  | taking damage. [Xom's mischief]
  1088 | D:2      | Gained mutation: You are dopey. (Int -2) [Xom's mischief]
  1088 | D:2      | Gained mutation: You have large cloven feet. [Xom's
                  | mischief]
  1093 | D:2      | Killed Natasha
  1093 | D:2      | Reached XP level 4. HP: 37/37 MP: 4/4
  1154 | D:2      | XOM: give mutation
  1154 | D:2      | Gained mutation: Armour fits poorly on your strangely
                  | shaped body. [Xom's mischief]
  1171 | D:2      | Noticed Natasha
  1177 | D:2      | XOM: swap monsters
  1183 | D:2      | Killed Natasha
  1188 | D:2      | Reached XP level 5. HP: 8/42 MP: 1/5
  1355 | D:2      | XOM: give mutations
  1355 | D:2      | Gained mutation: You are weak. (Str -2) [Xom's mischief]
  1355 | D:2      | Lost mutation: You are weak. (Str -2) [Xom's mischief]
  1430 | D:2      | HP: 2/42 [orc wizard/magic dart (6)]
  1431 | D:2      | Killed from afar by an orc wizard

Illustrated notes

Levels and vault maps discovered:
D:1:      dpeg_arrival_windows_large_door, layout_loops_corners,
          minmay_misc_feat_plants, minmay_pentomino_x4
D:2:      layout_loops_ring, nicolae_tso_carved_into_rock, uniq_natasha

Skill      XL: |  1  2  3 |
---------------+----------+-----
Axes           | 4 |  4.9
Fighting       | 4 |  4.0
Armour         | |  2.7
Dodging        | |  0.8

Action                   |  1- 3 |  4- 6 || total
-------------------------+-------+-------++-------
Melee: Hand axe          |    77 |       ||    77
       War axe           |     7 |    38 ||    45
       Kick              |       |     9 ||     9
 Stab: Paralysed         |     2 |       ||     2
  Eat: Chunk             |     1 |     1 ||     2
Armor: Leather armour    |    29 |       ||    29
       Scale mail        |    23 |    10 ||    33
Dodge: Dodged            |    56 |    11 ||    67
